 Dungeon Crawl Stone Soup version 0.29.0-15-g675c0067aa (webtiles) character file.

Game seed: 7767369813589736755

919 monitor4703 the Trooper (level 7, -6/64 HPs)
             Began as a Minotaur Fighter on Sept 11, 2022.
             Was a Follower of Okawaru.
             Succumbed to a gnoll sergeant's poison
             ... on level 6 of the Dungeon.
             The game lasted 00:17:28 (5048 turns).

monitor4703 the Trooper (Minotaur Fighter)          Turns: 5048, Time: 00:17:28

Health: -6/64      AC: 11    Str: 21    XL:     7   Next: 83%
Magic:  6/6        EV:  9    Int:  5    God:    Okawaru [*.....]
Gold:   271        SH: 10    Dex: 11    Spells: 6/6 levels left

rFire   . . .      SeeInvis .   C - +1 war axe (freeze)
rCold   . . .      Faith    .   c - +0 buckler
rNeg    . . .      Spirit   .   b - +0 scale mail
rPois   .          Reflect  +   v - +2 hat
rElec   .          Harm     .   h - +0 cloak
rCorr   .          Rampage  .   (no gloves)
Will    .....                   D - +0 pair of boots
Stlth   ..........              f - amulet of reflection
HPRegen 0.20/turn               (no ring)
MPRegen 0.10/turn               (no ring)

@: lethally poisoned (-6 -> -34)
A: horns 2, retaliatory headbutt
a: Renounce Religion, Heroism


You were on level 6 of the Dungeon.
You worshipped Okawaru.
Okawaru was aware of your devotion.
You visited 2 branches of the dungeon, and saw 7 of its levels.

You collected 271 gold pieces.

Inventory:

Hand Weapons
 a - a +1 war axe
 C - a +1 war axe of freezing (weapon)
Armour
 b - a +0 scale mail (worn)
 c - a +0 buckler (worn)
 h - a +0 cloak (worn)
 o - the +0 chain mail of Purpose {rF+}
   (You found it on level 4 of the Dungeon)

   rF:        It protects you from fire.
 v - a +2 hat (worn)
 D - a +0 pair of boots (worn)
Jewellery
 f - an amulet of reflection (around neck)
 t - an amulet of guardian spirit
 B - a ring of willpower
 E - a ring of flight
Wands
 n - a wand of polymorph (23)
Scrolls
 e - 2 scrolls of enchant weapon
 g - a scroll of amnesia {unknown}
 i - 3 scrolls of teleportation
 j - a scroll of brand weapon {unknown}
 k - a scroll of summoning {unknown}
 l - a scroll of immolation {unknown}
 q - a scroll of enchant armour {unknown}
 r - a scroll of magic mapping {unknown}
 s - a scroll of poison {unknown}
 w - a scroll of fear {unknown}
 y - 2 scrolls of vulnerability {unknown}
 z - a scroll of blinking {unknown}
 A - 6 scrolls of identify
Potions
 d - 5 potions of might
 m - a potion of berserk rage {unknown}
 p - 2 potions of curing
 u - a potion of lignification {unknown}
 x - 2 potions of brilliance {unknown}


   Skills:
 + Level 6.9 Fighting
 + Level 6.3 Axes
 - Level 5.0 Armour
 + Level 6.8 Shields


You had 6 spell levels left.
You didn't know any spells.
Your spell library contained the following spells:

 Spells                   Type           Power      Damage    Failure   Level
 Poisonous Vapours        Pois/Air       0%         N/A       95%         2
 Corpse Rot               Necr/Pois/Air  0%         N/A       100%        4
 Hailstorm                Conj/Ice       0%         3d3       100%        4
 Ice Form                 Ice/Tmut       0%         N/A       100%        4
 Simulacrum               Ice/Necr       Unusable   N/A       N/A         6

Dungeon Overview and Level Annotations

Branches:
Dungeon (6/15)             Temple (1/1) D:4

Altars:
Ashenzari
Cheibriados
Elyvilon
Gozag
Hepliaklqana
Kikubaaqudgha
Makhleb
Nemelex Xobeh
Okawaru
Qazlal
Ru
Trog
Uskayaw
Vehumet
Wu Jian
Xom
Zin
The Shining One


Innate Abilities, Weirdness & Mutations

You have a pair of horns on your head.
You reflexively headbutt those who attack you in melee.


Message History

You kill the gnoll!
Okawaru accepts your kill.
You slash the gnoll! You freeze the gnoll.
You kill the gnoll!
Okawaru accepts your kill.
You feel very sick.
The gnoll sergeant hits you from afar with a +2 spear of venom.
You are more poisoned.
Found a kite shield.
You feel very sick.
The gnoll sergeant hits you with a +2 spear of venom.
You are more poisoned.
The gnoll hits you with a +0 club.
You see here a +0 whip.
You hit the gnoll sergeant but do no damage.
You hit the gnoll but do no damage.
You feel extremely sick. You block the gnoll's attack.
The gnoll sergeant hits you with a +2 spear of venom.
You are too injured to fight recklessly!
You barely miss the gnoll. You hit the gnoll sergeant.
You freeze the gnoll sergeant.
You feel very sick. The gnoll hits you but does no damage.
The gnoll sergeant hits you with a +2 spear of venom.
* * * LOW HITPOINT WARNING * * *
You are lethally poisoned!
You hit the gnoll but do no damage.
You hit the gnoll sergeant but do no damage.
* * * LOW HITPOINT WARNING * * *
You feel extremely sick. The gnoll hits you but does no damage.
The gnoll sergeant hits you with a +2 spear of venom!
* * * LOW HITPOINT WARNING * * *
You are more poisoned.
You block the gnoll's attack. You block the gnoll sergeant's attack.
You barely miss the gnoll. You headbutt the gnoll!
The gnoll is almost dead.
You hit the gnoll sergeant but do no damage.
You die...

....##..###.##
#. #...
#)####.## ##..
#..##..###..####
.$$.#
#.......##....#
.....
##...#.....###.
...[ #.####....#
#..#
##.#####..##
#.g###....# #..#
#g@..?##........
#..)####
##.....##
#!.....# #....#.
........#
#...##.#
......#.. .
.........
.........
...####...


You could see a gnoll sergeant and a gnoll.

Vanquished Creatures
  An ice beast (D:6)
  An ogre (D:4)
  2 centaurs
  A scorpion (D:4)
  2 necrophages
  3 hounds
  2 jellies (D:1)
  2 iguanas
  2 gnolls (D:6)
  6 adders
  2 worms
  A dart slug (D:3)
  10 orcs
  A ball python (D:4)
  4 bats
  12 endoplasms
  10 giant cockroaches
  5 goblins
  2 hobgoblins
  16 jackals
  7 kobolds
  3 quokkas
  5 frilled lizards
  6 rats
106 creatures vanquished.

Vanquished Creatures (others)
  2 fungi (D:2)
  A plant (D:2)
3 creatures vanquished.

Grand Total: 109 creatures vanquished

Notes
Turn   | Place    | Note
-------+----------+-------------------------------------------
     0 | D:1      | monitor4703 the Minotaur Fighter began the quest for the
                  | Orb.
     0 | D:1      | Reached XP level 1. HP: 19/19 MP: 0/0
     0 | D:1      | Noticed a jelly
     0 | D:1      | Noticed a jelly
     1 | D:1      | Found a runed translucent door.
   349 | D:1      | Reached XP level 2. HP: 27/27 MP: 1/1
   992 | D:1      | Reached XP level 3. HP: 24/33 MP: 2/2
   994 | D:1      | Reached XP level 4. HP: 25/41 MP: 3/3
  1466 | D:2      | Found a faded altar of an unknown god.
  1674 | D:2      | Reached XP level 5. HP: 45/47 MP: 4/4
  2238 | D:3      | Found an ornate altar of the Wu Jian Council.
  2238 | D:3      | Found a shimmering altar of Xom.
  2598 | D:4      | Reached skill level 5 in Fighting
  2657 | D:4      | Identified the +0 chain mail of Purpose {rF+}
  2825 | D:4      | Reached skill level 5 in Armour
  2825 | D:4      | Reached skill level 5 in Shields
  2875 | D:4      | Reached XP level 6. HP: 56/56 MP: 5/5
  3054 | D:4      | Found a staircase to the Ecumenical Temple.
  3074 | Temple   | Entered the Ecumenical Temple
  3099 | Temple   | Became a worshipper of Warmaster Okawaru
  3554 | D:5      | Entered Level 5 of the Dungeon
  3613 | D:5      | Found a stormy altar of Qazlal.
  4155 | D:4      | Reached skill level 5 in Axes
  4159 | D:4      | Reached XP level 7. HP: 20/63 MP: 6/6
  4469 | D:5      | Reached * piety under Okawaru
  5047 | D:6      | HP: 2/64 [gnoll sergeant/+2 spear of venom (8)]
  5048 | D:6      | Succumbed to a gnoll sergeant's poison

Illustrated notes

Levels and vault maps discovered:
D:1:      dpeg_arrival_caged_fury, layout_basic, roderic_lattice_a
D:2:      layout_basic, dreamdust_ecumenical_altar_grove, dreamdust_wishing_well
D:3:      layout_loops_ring, amethyst_overflow_temple_binary
D:4:      layout_basic, minmay_temple_entry_wispy
D:5:      layout_basic, mainiacjoe_overflow_chevrons
D:6:      layout_layer_cave, fedhas_altar_decomposition, dk_yredelemnul_ordeal,
          gup_sewer_entry_glass, amcnicky_mini_rare_corridor_liquid
Temple:   hellmonk_temple_two_chambers

Skill      XL: |  1  2  3  4  5  6  7 |
---------------+----------------------+-----
Fighting       | 4 5 6 |  6.9
Armour         | 4 5 |  5.0
Axes           | 3 4 5 6 |  6.3
Shields        | 4 5 6 |  6.8

Action                   |  1- 3 |  4- 6 |  7- 9 || total
-------------------------+-------+-------+-------++-------
Melee: War axe           |    48 |   177 |    23 ||   248
       Headbutt          |     6 |    27 |     4 ||    37
  Use: Scroll            |       |     4 |       ||     4
Armor: Scale mail        |    15 |    90 |    12 ||   117
Dodge: Dodged            |    16 |    84 |    11 ||   111
Block: Buckler           |    13 |    65 |    19 ||    97
       Reflection        |       |     1 |     5 ||     6
